 Dungeon Crawl Stone Soup version 0.30-a0-118-ga018f8e90f (webtiles) character file.

Game seed: 1328536582156241626

25684 Newt the Basher (level 12, -1/92 HPs)
             Began as a Demonspawn Gladiator on Sept 13, 2022.
             Was a High Priest of Makhleb.
             Slain by a centaur warrior (8 damage)
             ... on level 13 of the Dungeon.
             The game lasted 00:19:27 (17916 turns).

Newt the Basher (Demonspawn Gladiator)             Turns: 17916, Time: 00:19:27

Health: -1/92      AC: 14    Str: 20    XL:     12   Next: 91%
Magic:  12/12      EV: 14    Int: 12    God:    Makhleb [*****.]
Gold:   813        SH:  0    Dex: 25    Spells: 11/11 levels left

rFire   + . .      SeeInvis .    v - +7 hammer of Upheaval {speed, rF+ Str+5 Int+2 Dex-4}
rCold   . . .      Faith    .    (no shield)
rNeg    + . .      Spirit   .    l - +0 scale mail {rN+}
rPois   .          Reflect  .    (helmet restricted)
rElec   +          Harm     .    i - +0 cloak
rCorr   +          Rampage  .    R - +2 pair of gloves
Will    .....                    A - +0 pair of boots
Stlth   +.........               f - amulet of regeneration
HPRegen 1.05/turn                E - +6 ring of dexterity
MPRegen 0.26/turn                C - ring "Fehogo" {rElec rCorr Str-2 Dex+6}

@: no status effects
A: antennae 2, hooves 1, foul stench 1, magic regeneration, demonic touch 1
a: Renounce Religion, Minor Destruction, Lesser Servant of Makhleb, Major
Destruction, Greater Servant of Makhleb


You were on level 13 of the Dungeon.
You worshipped Makhleb.
Makhleb was extremely pleased with you.
You visited 2 branches of the dungeon, and saw 15 of its levels.

You collected 938 gold pieces.
You spent 125 gold pieces at shops.

Inventory:

Hand Weapons
 a - a +0 rapier
 m - a +2 sling of flaming
 v - the +7 hammer of Upheaval (weapon) {speed, rF+ Str+5 Int+2 Dex-4}
   (You found it on level 2 of the Dungeon)

   Attacks with this weapon are significantly faster.
   Str:       It affects your strength (+5).
   Int:       It affects your intelligence (+2).
   Dex:       It affects your dexterity (-4).
   rF:        It protects you from fire.
 y - a +2 hammer of protection
Missiles
 d - 2 throwing nets (quivered)
 e - 10 javelins
Armour
 i - a +0 cloak (worn)
 l - a +0 scale mail of positive energy (worn)
 o - a +2 ring mail of cold resistance
 A - a +0 pair of boots (worn)
 M - a scarf of invisibility
 P - +0 steam dragon scales
 R - a +2 pair of gloves (worn)
 U - +0 acid dragon scales
Jewellery
 f - an amulet of regeneration (around neck)
 r - a ring of positive energy
 C - the ring "Fehogo" (right hand) {rElec rCorr Str-2 Dex+6}
   (You found it on level 10 of the Dungeon)

   [ring of dexterity]

   Str:       It affects your strength (-2).
   Dex:       It affects your dexterity (+6).
   rElec:     It insulates you from electricity.
   rCorr:     It protects you from acid and corrosion.
 E - a +6 ring of dexterity (left hand)
 F - a ring of protection from fire
 Z - a ring of poison resistance
Wands
 b - a wand of mindburst (3)
 n - a wand of light (38)
 I - a wand of paralysis (29)
 L - a wand of flame (32)
 O - a wand of digging (11)
 Q - a wand of roots (10)
 W - a wand of polymorph (6)
Scrolls
 h - 2 scrolls of butterflies
 j - 2 scrolls of enchant armour
 k - a scroll of fear
 p - 6 scrolls of teleportation
 q - a scroll of identify
 u - 5 scrolls of silence
 S - a scroll of torment
 X - a scroll of enchant weapon
 Y - a scroll of vulnerability {unknown}
Potions
 c - a potion of flight {unknown}
 g - 2 potions of cancellation
 s - 2 potions of mutation
 t - 4 potions of lignification
 w - 2 potions of attraction
 x - 2 potions of berserk rage
 G - 3 potions of invisibility
 H - 2 potions of ambrosia
 J - 5 potions of curing
 K - a potion of might
 N - 4 potions of brilliance
 T - 2 potions of resistance {unknown}


   Skills:
 - Level 8.0 Fighting
 - Level 2.6 Short Blades
 - Level 14.0 Maces & Flails
 - Level 2.0 Ranged Weapons
 - Level 1.7 Throwing
 - Level 8.0 Armour
 - Level 6.0 Dodging
 - Level 2.0 Stealth
 + Level 8.7 Evocations


You had 11 spell levels left.
You didn't know any spells.
Your spell library contained the following spells:

 Spells                   Type           Power      Damage    Failure   Level
 Apportation              Tloc           0%         N/A       63%         1
 Necrotise                Necr           0%         1d4       63%         1
 Sting                    Tmut/Pois      0%         1d3       63%         1
 Summon Small Mammal      Summ           0%         N/A       63%         1
 Ensorcelled Hibernation  Hex/Ice        0%         N/A       77%         2
 Poisonous Vapours        Pois/Air       0%         N/A       77%         2
 Dazzling Flash           Conj/Hex       0%         N/A       94%         3
 Inner Flame              Hex/Fire       0%         N/A       94%         3
 Spider Form              Tmut/Pois      0%         N/A       94%         3
 Anguish                  Hex/Necr       0%         N/A       100%        4
 Cause Fear               Hex            0%         N/A       100%        4
 Olgreb's Toxic Radiance  Pois           0%         N/A       100%        4
 Agony                    Necr           0%         N/A       100%        5
 Silence                  Hex/Air        0%         N/A       100%        5
 Summon Forest            Summ/Tloc      0%         N/A       100%        5
 Eringya's Noxious Bog    Tmut/Pois      0%         N/A       100%        6
 Enfeeble                 Hex            0%         N/A       100%        7
 Summon Hydra             Summ           0%         N/A       100%        7
 Discord                  Hex            0%         N/A       100%        8


Dungeon Overview and Level Annotations

Branches:
Dungeon (14/15) Temple (1/1) D:4 Lair (0/5) D:8 Orc (0/2) D:12 Vaults (0/5) D:13 D:14

Altars:
Ashenzari
Cheibriados
Dithmenos
Fedhas
Gozag
Hepliaklqana
Kikubaaqudgha
Makhleb
Nemelex Xobeh
Okawaru
Qazlal
Ru
Sif Muna
Trog
Uskayaw
Vehumet
Wu Jian
Xom
Yredelemnul

Shops:
D:3 *   D:6 *=!   D:10 *   D:12 =

Annotations:
D:14 Nessos, Rupert


Innate Abilities, Weirdness & Mutations

You have a pair of antennae on your head.
You have large cloven feet.
You may rarely emit foul miasma when damaged in melee.
You regenerate magic rapidly.
Your touch may inflict minor irresistible damage on your foes.


Message History

The vampire mosquito attacks as you move away!
The vampire mosquito barely misses you. The vampire mosquito bites you!
* * * LOW HITPOINT WARNING * * *
The vampire mosquito draws strength from your injuries!
You emit a cloud of foul miasma!
The vampire mosquito bites you but does no damage.
The vampire mosquito bites you.
* * * LOW HITPOINT WARNING * * *
The vampire mosquito attacks as you move away!
The vampire mosquito bites you but does no damage.
Your surroundings suddenly seem different.
Found 13 gold pieces.
Unknown command.
You now have 813 gold pieces (gained 13).
Found a potion of curing.
The centaur warrior shouts!
The centaur warrior wields a +0 shortbow.
The centaur warrior shoots an arrow.
The arrow misses you.
The centaur wields a +0 shortbow.
The centaur shoots an arrow.
The arrow hits you!
* * * LOW HITPOINT WARNING * * *
The centaur warrior unwields a +0 shortbow.
The centaur warrior hits you.
* * * LOW HITPOINT WARNING * * *
The centaur warrior kicks you.
* * * LOW HITPOINT WARNING * * *
The centaur shoots an arrow.
The arrow hits you.
* * * LOW HITPOINT WARNING * * *
Unknown command.
Aiming: Bolt of Light
Press: ? - help, Q - select action, (/) - cycle Shift-Dir - straight line, f - centaur warrior
Aim: a centaur warrior (81% to hit)
The bolt of light hits the centaur warrior!
The centaur warrior is moderately wounded.
The centaur warrior is blinded.
The centaur warrior closely misses you. The centaur warrior misses you.
The centaur shoots an arrow.
The arrow barely misses you.
A purple ugly thing comes into view.
The centaur warrior hits you!
You die...

..# ..# ..# ..# ##
..# ##. #. ..####.
....c#c#####.......
.......@...........
###u##.######.#....
!.. # . ..### ##


You could see a purple ugly thing, a centaur warrior (blind) and a centaur.

Vanquished Creatures
  A fire giant (D:12)
  An ettin (D:12)
  A deep elf high priest (D:12)
  The ghost of Pooter the Cleaver, a journeyman MiBe of Trog (D:9)
  An ogre mage (D:12)
  2 boulder beetles
  A centaur warrior (D:10)
  5 two-headed ogres
  3 ugly things
  An orc knight (D:12)
  6 cyclopes
  A gargoyle (D:12)
  A kobold demonologist (D:10)
  2 komodo dragons
  A queen bee (shapeshifter) (D:12)
  A hornet (D:9)
  Sigmund (D:3)
  A wyvern (D:11)
  23 yaks
  3 wraiths
  Grum (D:11)
  A basilisk (D:10)
  5 vampire mosquitoes (D:12)
  Menkaure (D:7)
  A steam dragon (D:8)
  2 acid dragons
  A black bear (D:6)
  3 sky beasts
  10 orc warriors
  2 ice beasts
  An ogre (D:5)
  5 centaurs
  9 wolves
  2 phantoms (D:5)
  A gnoll sergeant (D:11)
  2 bullfrogs
  A necrophage (D:5)
  2 scorpions
  15 wights
  3 killer bees
  An electric eel (D:11)
  2 howler monkeys
  3 hounds (D:8)
  2 jellies
  Crazy Yiuf (D:2)
  A gnoll bouda (D:6)
  8 orc priests
  Terence (D:2)
  3 iguanas
  13 orc wizards
  7 adders
  13 gnolls
  A shadow imp (D:7)
  A white imp (D:7)
  A worm (D:4)
  A dart slug (D:1)
  64 orcs
  6 ball pythons
  5 endoplasms
  4 giant cockroaches
  5 goblins
  5 hobgoblins
  13 jackals
  3 kobolds
  A quokka (D:2)
  9 bats
  2 frilled lizards (D:1)
  4 rats
305 creatures vanquished.

Vanquished Creatures (collateral kills)
  A steelbarb worm (shapeshifter) (D:10)
  A wolf spider (D:10)
  A freezing wraith (D:10)
  A tengu conjurer (D:10)
4 creatures vanquished.

Vanquished Creatures (others)
  A fungus (D:2)
1 creature vanquished.

Grand Total: 310 creatures vanquished

Notes
Turn   | Place    | Note
-------+----------+-------------------------------------------
     0 | D:1      | Newt the Demonspawn Gladiator began the quest for the Orb.
     0 | D:1      | Reached XP level 1. HP: 16/16 MP: 1/1
   341 | D:1      | Reached skill level 1 in Stealth
   842 | D:1      | Gained mutation: You regenerate magic rapidly. [demonic
                  | ancestry]
   842 | D:1      | Reached XP level 2. HP: 7/22 MP: 2/2
  1778 | D:2      | Noticed Terence
  1783 | D:2      | Discovered your monstrous ancestry.
  1783 | D:2      | Gained mutation: You have a pair of small antennae on your
                  | head. [demonic ancestry]
  1783 | D:2      | Reached XP level 3. HP: 28/28 MP: 3/3
  1790 | D:2      | Killed Terence
  2276 | D:2      | Reached XP level 4. HP: 11/37 MP: 4/4
  2989 | D:2      | Reached skill level 1 in Ranged Weapons
  3242 | D:2      | Found a runed translucent door.
  3243 | D:2      | Identified the +7 hammer of Upheaval {speed, rF+ Str+5
                  | Int+2 Dex-4}
  3243 | D:2      | Noticed Crazy Yiuf
  3252 | D:2      | Killed Crazy Yiuf
  3253 | D:2      | Gained mutation: You have a pair of antennae on your head.
                  | [demonic ancestry]
  3253 | D:2      | Reached XP level 5. HP: 15/42 MP: 5/5
  3676 | D:3      | Found Zeabrame's General Store.
  3682 | D:3      | Noticed Sigmund
  3695 | D:3      | Killed Sigmund
  3696 | D:3      | Reached skill level 3 in Maces & Flails
  3696 | D:3      | Gained mutation: You may rarely emit foul miasma when
                  | damaged in melee. [demonic ancestry]
  3696 | D:3      | Reached XP level 6. HP: 25/48 MP: 6/6
  3703 | D:3      | Bought a potion of degeneration for 13 gold pieces
  4307 | D:3      | Found a radiant altar of Vehumet.
  4608 | D:4      | Found an ancient bone altar of Kikubaaqudgha.
  4761 | D:4      | Found a hazy altar of Hepliaklqana.
  4925 | D:4      | Reached skill level 4 in Maces & Flails
  5143 | D:4      | Found a staircase to the Ecumenical Temple.
  5449 | D:5      | Entered Level 5 of the Dungeon
  5525 | Temple   | Entered the Ecumenical Temple
  5692 | Temple   | Became a worshipper of Makhleb the Destroyer
  5747 | D:5      | Reached skill level 5 in Maces & Flails
  5747 | D:5      | Reached XP level 7. HP: 50/54 MP: 7/7
  6131 | D:5      | Reached skill level 6 in Maces & Flails
  6133 | D:5      | Reached skill level 1 in Armour
  6496 | D:5      | Gained mutation: Your touch may inflict minor irresistible
                  | damage on your foes. [demonic ancestry]
  6496 | D:5      | Reached XP level 8. HP: 59/60 MP: 8/8
  6998 | D:6      | Reached skill level 5 in Armour
  7079 | D:6      | Reached * piety under Makhleb
  7085 | D:6      | Found Dadghaal's General Store.
  7259 | D:6      | Found Lydauts's Jewellery Emporium.
  7302 | D:6      | Found Afoa's Distillery.
  7316 | D:6      | Reached skill level 7 in Maces & Flails
  7329 | D:6      | Bought a potion of curing for 42 gold pieces
  7329 | D:6      | Bought a potion of heal wounds for 70 gold pieces
  7514 | D:6      | HP: 3/60 [killer bee (4)]
  7518 | D:6      | Reached skill level 8 in Maces & Flails
  8055 | D:7      | Reached XP level 9. HP: 27/66 MP: 9/9
  8363 | D:7      | Noticed Menkaure
  8367 | D:7      | Killed Menkaure
  8368 | D:7      | Reached skill level 5 in Fighting
  9745 | D:7      | Reached ** piety under Makhleb
 10547 | D:8      | Gained mutation: You have large cloven feet. [demonic
                  | ancestry]
 10547 | D:8      | Reached XP level 10. HP: 67/76 MP: 10/10
 10689 | D:8      | Reached skill level 9 in Maces & Flails
 10792 | D:8      | Identified the +11 great mace "Piem" {holy, Str+8 Dex+3}
 10822 | D:8      | Found an iron altar of Okawaru.
 11061 | D:8      | Found a staircase to the Lair.
 11188 | D:9      | Noticed a two-headed ogre
 11205 | D:8      | Killed a two-headed ogre
 11206 | D:8      | Reached skill level 10 in Maces & Flails
 11408 | D:9      | Noticed a cyclops
 11425 | D:9      | Killed a cyclops
 11726 | D:9      | Noticed Pooter's ghost (journeyman MiBe)
 11729 | D:9      | Found a runed translucent door.
 11764 | D:9      | Paralysed by a hornet for 1 turns
 12205 | D:9      | Reached *** piety under Makhleb
 12726 | D:9      | Killed Pooter's ghost
 12727 | D:9      | Reached skill level 11 in Maces & Flails
 12727 | D:9      | Reached XP level 11. HP: 39/86 MP: 11/11
 13157 | D:10     | Entered Level 10 of the Dungeon
 13365 | D:10     | Noticed a two-headed ogre
 13372 | D:10     | Killed a two-headed ogre
 14463 | D:10     | Found a transporter.
 14465 | D:10     | Noticed a wolf spider
 14470 | D:10     | Found Zin's Purification Station.
 14490 | D:10     | Reached skill level 12 in Maces & Flails
 14500 | D:10     | Noticed a centaur warrior
 14505 | D:10     | Found a transporter.
 14694 | D:10     | Noticed a purple ugly thing
 14705 | D:10     | Killed a purple ugly thing
 14705 | D:10     | Reached **** piety under Makhleb
 15073 | D:10     | Noticed a steelbarb worm
 15104 | D:10     | Killed a steelbarb worm
 15106 | D:10     | Killed a centaur warrior
 15107 | D:10     | Reached skill level 13 in Maces & Flails
 15111 | D:10     | Killed a wolf spider
 15351 | D:10     | Identified the ring "Fehogo" {rElec rCorr Str-2 Dex+6}
 15494 | D:11     | Noticed a white ugly thing
 15506 | D:11     | Killed a white ugly thing
 15829 | D:11     | Noticed a two-headed ogre
 15839 | D:11     | Killed a two-headed ogre
 15840 | D:11     | Reached skill level 14 in Maces & Flails
 16033 | D:11     | Reached XP level 12. HP: 92/92 MP: 12/12
 16044 | D:11     | Reached skill level 1 in Evocations
 16152 | D:11     | Noticed Grum
 16166 | D:11     | Killed Grum
 16535 | D:12     | Noticed a two-headed ogre
 16543 | D:12     | Killed a two-headed ogre
 17049 | D:12     | Reached skill level 5 in Dodging
 17078 | D:12     | Noticed a two-headed ogre
 17090 | D:12     | Killed a two-headed ogre
 17111 | D:12     | Noticed a boulder beetle
 17123 | D:12     | Killed a boulder beetle
 17183 | D:12     | Found a runed translucent door.
 17192 | D:12     | Noticed a fire giant
 17193 | D:12     | Noticed a deep elf high priest
 17194 | D:12     | Noticed an ettin
 17206 | D:12     | Noticed an ogre mage
 17215 | D:12     | Reached skill level 5 in Evocations
 17223 | D:12     | Killed an ogre mage
 17278 | D:12     | Noticed a bunyip
 17279 | D:12     | a bunyip changed into a shining eye
 17319 | D:12     | Killed a fire giant
 17330 | D:12     | Killed a deep elf high priest
 17334 | D:12     | Reached ***** piety under Makhleb
 17342 | D:12     | Killed an ettin
 17419 | D:12     | Found a staircase to the Orcish Mines.
 17637 | D:12     | Found Quph's Jewellery Shoppe.
 17812 | D:13     | Noticed a boulder beetle
 17822 | D:13     | Killed a boulder beetle
 17887 | D:13     | Noticed a centaur warrior
 17888 | D:13     | Noticed a centaur warrior
 17888 | D:13     | Noticed a centaur warrior
 17898 | D:14     | Noticed Nessos
 17898 | D:14     | Noticed an eight-headed hydra
 17898 | D:14     | Noticed Rupert
 17898 | D:14     | Noticed a fire dragon
 17898 | D:14     | Noticed a centaur warrior
 17898 | D:14     | Found a gate to the Vaults.
 17916 | D:13     | Slain by a centaur warrior

Illustrated notes

Levels and vault maps discovered:
D:1:      tarquinn_simple_flora_water_f, layout_basic
D:2:      layout_loops_cross, chequers_hall_statues_y, hangedman_decor_growths,
          uniq_terence, uniq_crazy_yiuf_cottage
D:3:      layout_basic, mainiacjoe_overflow_paths, serial_shops, shop,
          uniq_sigmund
D:4:      layout_basic, kiku_gazebo_pond_becter, mainiacjoe_overflow_24_doors,
          minmay_temple_entry_from_below_b, grunt_ministairs_12
D:5:      layout_loops_corners, chequers_decorated_corner, grunt_ministairs_10
D:6:      layout_gridville, serial_shops, nicolae_shop_crystal, shop, shop,
          kennysheep_generic_room_3
D:7:      layout_cave_pods, uniq_menkaure
D:8:      layout_rooms, okawaru_ov_weapons_minmay, erik_lair_island
D:9:      layout_long_grid, hellmonk_ghost_happy_afterlife, kennysheep_path_1
D:10:     gammafunk_sealed_arena, layout_loops_ring, zin_purify, special_room
          [special_room_orc], minivault_19, wad_mini_maze
D:11:     layout_basic, uniq_grum
D:12:     layout_loops_ring, orc_0_dummy, serial_shops, nicolae_lakefront_shop,
          minmay_hidden_floor
D:13:     layout_rooms
D:14:     layout_irregular_city, david_vaults_3, serial_shops,
          nicolae_shop_statue_plus, trove_entry_hex_spiral,
          nicolae_water_bricks, corexii_hall_statues_t
Temple:   nicolae_temple_bog_church

Skill      XL: |  1  2  3  4  5  6  7  8  9 10 11 12 |
---------------+-------------------------------------+-----
Stealth        | 2 |  2.0
Fighting       | 3 4 6 8 |  8.0
Ranged Weapons | 2 |  2.0
Maces & Flails | 3 5 6 8 11 14 | 14.0
Armour         | 3 5 8 |  8.0
Dodging        | 3 6 |  6.0
Evocations     | 8 |  8.7
Short Blades   | |  2.6
Throwing       | |  1.7

Action                   |  1- 3 |  4- 6 |  7- 9 | 10-12 || total
-------------------------+-------+-------+-------+-------++-------
Melee: Rapier            |    59 |       |       |       ||    59
       Punch             |     1 |       |     2 |     3 ||     6
       Mace              |       |    99 |   243 |   569 ||   911
       Touch             |       |       |    48 |   119 ||   167
 Fire: Sling             |    32 |    63 |       |       ||    95
Throw: Throwing net      |     2 |       |       |     2 ||     4
Evoke: Wand              |       |     2 |       |     2 ||     4
  Use: Scroll            |       |     3 |    12 |     8 ||    23
       Potion            |       |     1 |     3 |    11 ||    15
 Stab: Sleeping          |     1 |     1 |       |       ||     2
       Held in net/web   |     1 |       |       |     1 ||     2
       Invisible         |       |     2 |       |    11 ||    13
Armor: Leather armour    |    27 |       |       |       ||    27
       Scale mail        |    11 |    92 |   109 |   179 ||   391
       Skin              |       |       |     2 |       ||     2
Dodge: Dodged            |    67 |    97 |   136 |   241 ||   541

Table legend: (Time is in decaauts)
 A = Elapsed time spent in this place.
 B = Non-inter-level travel time spent in this place.
 C = Inter-level travel time spent in this place.
 D = Time resting spent in this place.
 E = Time spent auto-exploring this place.
 F = Levels seen in this place.
 G = Mean time per level.
                   A        B        C        D        E       F      G
               +--------+--------+--------+--------+--------+-----+--------+
         Total |  17625 |  16921 |    704 |   6617 |   8383 |  15 | 1175.0 |
       Dungeon |  17437 |  16757 |    680 |   6617 |   8235 |  14 | 1245.5 |
        Temple |    188 |    165 |     23 |      0 |    147 |   1 |  188.0 |
               +--------+--------+--------+--------+--------+-----+--------+

Top non-repeatable levels by time:
     D:7: 2528 daAuts
     D:9: 2307 daAuts
     D:2: 1938 daAuts
     D:1: 1781 daAuts
    D:10: 1573 daAuts
    D:12: 1242 daAuts
     D:5: 1216 daAuts
     D:6: 1019 daAuts
    D:11: 1014 daAuts
     D:4: 940 daAuts
     D:3: 885 daAuts
     D:8: 877 daAuts
  Temple: 188 daAuts
    D:13: 108 daAuts
    D:14: 1 daAuts
